 Dungeon Sprint DCSS version 0.30.1-11-g7821555f0a (webtiles) character file.

Game seed: 7002593049664337488

10317 Groucho the Eclecticist (level 11, -9/61 HPs)
             Began as a Deep Elf Earth Elementalist on Jan 4, 2024.
             Was the Champion of Sif Muna.
             Mangled by a demonic crawler (14 damage)
             ... while paralysed by a floating eye
             ... in the Dungeon (Sprint VII: "The Pits").
             The game lasted 00:17:21 (7732 turns).

Groucho the Eclecticist (DEEE)                      Turns: 7732, Time: 00:17:21

Health: -9/61      AC:  5    Str:  5    XL:     11   Next: 34%
Magic:  29/33      EV:  2    Int: 28    God:    Sif Muna [******]
Gold:   32         SH:  0    Dex: 15    Spells: 4/43 levels left

rFire   . . .        h - +2 dagger
rCold   . . .        (no shield)
rNeg    . . .        a - +0 robe
rPois   .            (no helmet)
rElec   .            (no cloak)
rCorr   .            (no gloves)
SInv    .            (no boots)
Will    +....        (no amulet)
Stlth   +++          m - +3 ring of protection
HPRegen 0.30/turn    n - +3 ring of intelligence
MPRegen 0.23/turn

%: no teleportation
@: paralysed
A: no striking features
a: Renounce Religion, Channel Magic, Forget Spell, Divine Exegesis


You were in the Dungeon.
You worshipped Sif Muna.
Sif Muna was exalted by your worship.
You visited 1 branch You collected 32 gold pieces.

Inventory:

Hand Weapons
 c - a +1 dagger of electrocution
 h - a +2 dagger (weapon)
 p - a +2 rapier of holy wrath
Armour
 a - a +0 robe (worn)
Jewellery
 m - a +3 ring of protection (left hand)
 n - a +3 ring of intelligence (right hand)
 q - a ring of ice
 w - a ring of magical power
 x - a ring of fire
 y - an amulet of regeneration
Scrolls
 g - 5 scrolls of enchant weapon
 j - 5 scrolls of amnesia
 k - a scroll of summoning
 s - a scroll of fear
 t - 4 scrolls of identify
 u - 2 scrolls of fog
 v - a scroll of blinking
Potions
 b - 3 potions of magic
 d - 12 potions of heal wounds
 e - 2 potions of haste
 f - 4 potions of berserk rage
 i - 2 potions of invisibility
 l - 7 potions of curing
 o - a potion of resistance
 r - 2 potions of brilliance
 z - a potion of might
 A - a potion of mutation


   Skills:
 - Level 4.0 Fighting
 - Level 5.0 Short Blades
 - Level 5.0 Dodging
 - Level 7.0 Stealth
 + Level 16.8 Spellcasting
 + Level 15.4 Conjurations
 - Level 10.0 Transmutations
 + Level 6.9 Fire Magic
 + Level 15.8 Earth Magic
 - Level 7.0 Invocations


You had 4 spell levels left.
You knew the following spells:

 Your Spells              Type           Power      Damage    Failure   Level
a - Sandblast             Erth           100%       2d20      0%          1
b - Stone Arrow           Conj/Erth      100%       3d13      0%          3
c - Lehudib's Crystal Sp  Conj/Erth      42%        10d10     22%         8
d - Fireball              Conj/Fire      36%        3d15      1%          5
e - Starburst             Conj/Fire      36%        6d11      3%          6
f - Iskenderun's Battles  Conj           83%        2d13      1%          5
g - Magic Dart            Conj           100%       1d8       0%          1
h - Petrify               Tmut/Erth      77%        N/A       1%          4
i - Statue Form           Tmut/Erth      51%        N/A       1%          6

Your spell library contained the following spells:

 Spells                   Type           Power      Damage    Failure   Level
 Passwall                 Tmut/Erth      64%        N/A       0%          2
 Searing Ray              Conj           100%       2d8       0%          2
 Kiss of Death            Conj/Necr      100%       2d13      1%          1
 Ignite Poison            Fire/Tmut/Pois 53%        N/A       1%          3
 Inner Flame              Hex/Fire       43%        N/A       1%          3
 Mephitic Cloud           Conj/Pois/Air  51%        N/A       1%          3
 Volatile Blastmotes      Fire/Tloc      86%        2d17      1%          3
 Animate Armour           Summ/Erth      100%       N/A       1%          4
 Fulminant Prism          Conj/Hex       30%        3d15      1%          4
 Cigotuvi's Dreadful Rot  Necr/Pois/Air  46%        N/A       3%          2
 Poisonous Vapours        Pois/Air       46%        N/A       3%          2
 Teleport Other           Tloc           23%        N/A       6%          3
 Orb of Destruction       Conj           41%        9d11      3%          7
 Freezing Cloud           Conj/Ice/Air   25%        6-21      7%          5
 Conjure Ball Lightning   Conj/Air       30%        3x3d10    13%         6
 Dragon Form              Tmut           34%        N/A       28%         7
 Ignition                 Fire           29%        3d9       100%        8
 Fire Storm               Conj/Fire      36%        8d9       100%        9


Dungeon Overview and Level Annotations

Branches:
Dungeon (1/1)

Altars:
Ashenzari
Cheibriados
Dithmenos
Elyvilon
Fedhas
Gozag
Hepliaklqana
Kikubaaqudgha
Makhleb
Nemelex Xobeh
Okawaru
Qazlal
Ru
Sif Muna
Trog
Uskayaw
Vehumet
Wu Jian
Xom
Yredelemnul
Zin
The Shining One
Jiyva
Lugonu


Message History

The boulder beetle is almost dead.
The helpless boulder beetle fails to defend itself.
You impale the boulder beetle!!
You kill the boulder beetle!
Sif Muna accepts your kill.
Unknown command.
Unknown command.
There is an open door to the Storerooms (Easy) here.
Things that are here:
a +0 mace; a +0 flail; a +0 robe
Things that are here:
a +0 spear; a +0 shortbow
There is a huge open gate leading to the Armoury (Hard) here.
There is a huge open gate here.
A demonic crawler and a death yak come into view.
The demonic crawler gives a hideous shriek!
A floating eye comes into view.
The death yak bellows!
The floating eye's view fixates on you.
Casting: Petrify (safe; 1% risk of failure)
Confirm with . or Enter, or press ? or * to list all spells.
Aiming: Petrify (safe; 1% risk of failure)
Press: ? - help, Shift-Dir - straight line, f - demonic crawler
Aim: a demonic crawler (chance to affect: 50%)
The demonic crawler resists with some effort.
The demonic crawler barely misses you.
The demonic crawler hits you but does no damage.
The demonic crawler hits you!
The floating eye gazes piercingly through you!
You suddenly lose the ability to move!
The demonic crawler hits you. The demonic crawler hits you!
The demonic crawler completely misses you.
The demonic crawler hits you. The demonic crawler hits you!
* * * LOW HITPOINT WARNING * * *
The demonic crawler hits you.
* * * LOW HITPOINT WARNING * * *
The demonic crawler hits you.
* * * LOW HITPOINT WARNING * * *
The demonic crawler hits you!
You die...

#..# #..# +########## #..#
......##..# #.G# ......##..# #..#
......''..# #..#
......''..##########..#
......##........@s.G..#
......##.........Y....#
'###################### '#
######## ##### ############# .#
#......###...# ##..'.....'[.# .#
#..#'#.........##...##)..##...
)##.)##)##.....#...#..##.....##.)
.##.##...##...###..#.##.......##.
.####.....##.##.##.###)........##


You could see a death yak, a demonic crawler and a floating eye.

Vanquished Creatures
  A hydra (D)
  A boulder beetle (D)
  2 two-headed ogres (D)
  A death yak (D)
  A vampire mage (D)
  A bog body (D)
  A lindwurm (D)
  2 deep trolls (D)
  A merfolk siren (D)
  A molten gargoyle (D)
  A smoke demon (D)
  2 kobold demonologists (D)
  2 red devils (D)
  A troll (D)
  Prince Ribbit (D)
  A hornet (D)
  A snapping turtle (D)
  A wraith (D)
  A shadow (D)
  A water elemental (D)
  A ynoxinul (D)
  2 steam dragons (D)
  3 redbacks (D)
  2 wargs (D)
  2 centaurs (D)
  A wolf (D)
  A kobold brigand (D)
  A necrophage (D)
  A scorpion (D)
  4 wights (D)
  A quasit (D)
  An orc priest (D)
  A jelly (D)
  An iguana (D)
  An orc wizard (D)
  2 gnolls (D)
  A river rat (D)
  An adder skeleton (D)
  2 worms (D)
  An adder simulacrum (D)
  3 orcs (D)
  A ball python (D)
  A bat (D)
  3 endoplasms (D)
  A hobgoblin (D)
  A quokka (D)
  A frilled lizard (D)
  A goblin (D)
  A quokka zombie (D)
67 creatures vanquished.

Vanquished Creatures (others)
  A hobgoblin (D)
1 creature vanquished.

Grand Total: 68 creatures vanquished

Notes
Turn   | Place    | Note
-------+----------+-------------------------------------------
     0 | D        | Groucho the Deep Elf Earth Elementalist began the quest for
                  | the Orb.
     0 | D        | Reached XP level 1. HP: 10/10 MP: 6/6
    35 | D        | Found a glowing golden altar of the Shining One.
    35 | D        | Found a glowing silver altar of Zin.
    35 | D        | Found a basalt altar of Yredelemnul.
    35 | D        | Found a shimmering altar of Xom.
    35 | D        | Found an ornate altar of the Wu Jian Council.
    35 | D        | Found a bloodstained altar of Trog.
    35 | D        | Found a shimmering blue altar of Sif Muna.
    35 | D        | Found a sacrificial altar of Ru.
    35 | D        | Found a stormy altar of Qazlal.
    35 | D        | Found an iron altar of Okawaru.
    35 | D        | Found a sparkling altar of Nemelex Xobeh.
    35 | D        | Found a burning altar of Makhleb.
    35 | D        | Found a viscous altar of Jiyva.
    35 | D        | Found a hazy altar of Hepliaklqana.
    35 | D        | Found an opulent altar of Gozag.
    35 | D        | Found a blossoming altar of Fedhas.
    35 | D        | Found a white marble altar of Elyvilon.
    35 | D        | Found a shadowy altar of Dithmenos.
    35 | D        | Found a snail-covered altar of Cheibriados.
    36 | D        | Found a radiant altar of Vehumet.
    36 | D        | Found a corrupted altar of Lugonu.
    37 | D        | Found an ancient bone altar of Kikubaaqudgha.
    37 | D        | Found a hide-covered altar of Uskayaw.
    37 | D        | Found a broken altar of Ashenzari.
    38 | D        | Became a worshipper of Sif Muna the Loreminder
    47 | D        | Reached skill level 1 in Conjurations
   169 | D        | Reached * piety under Sif Muna
   170 | D        | Noticed a scorpion
   177 | D        | Killed a scorpion
   178 | D        | Reached skill level 5 in Spellcasting
   178 | D        | Reached XP level 2. HP: 5/15 MP: 0/10
   178 | D        | Reached XP level 3. HP: 6/19 MP: 0/11
   438 | D        | Learned a level 3 spell: Stone Arrow
   446 | D        | Noticed a warg
   447 | D        | Reached skill level 5 in Conjurations
   448 | D        | Killed a warg
   448 | D        | Reached ** piety under Sif Muna
   449 | D        | Reached skill level 7 in Spellcasting
   449 | D        | Reached XP level 4. HP: 24/24 MP: 2/15
   449 | D        | Reached XP level 5. HP: 28/28 MP: 2/16
  1045 | D        | Noticed a warg
  1047 | D        | Noticed a wolf
  1050 | D        | Killed a warg
  1051 | D        | Reached skill level 8 in Spellcasting
  1051 | D        | Reached XP level 6. HP: 32/32 MP: 11/19
  1076 | D        | Reached *** piety under Sif Muna
  1110 | D        | Reached skill level 1 in Fighting
  1110 | D        | Reached skill level 1 in Short Blades
  1405 | D        | Reached **** piety under Sif Muna
  1524 | D        | Noticed a redback
  1526 | D        | Killed a redback
  1527 | D        | Reached skill level 9 in Spellcasting
  1527 | D        | Reached skill level 10 in Earth Magic
  1527 | D        | Reached XP level 7. HP: 40/40 MP: 13/21
  1675 | D        | Reached skill level 5 in Stealth
  1678 | D        | Reached ***** piety under Sif Muna
  1679 | D        | Reached skill level 5 in Dodging
  2060 | D        | Noticed a smoke demon
  2062 | D        | Noticed a kobold demonologist
  2062 | D        | Received a gift from Sif Muna
  2063 | D        | Got Sif Muna's Encyclopedia of the Mantle and the Map {god
                  | gift}
  2067 | D        | Killed a kobold demonologist
  2068 | D        | Reached skill level 10 in Conjurations
  2075 | D        | Killed a smoke demon
  2076 | D        | Reached skill level 10 in Spellcasting
  2076 | D        | Reached skill level 5 in Transmutations
  2076 | D        | Reached XP level 8. HP: 31/48 MP: 14/24
  2167 | D        | Noticed a lindwurm
  2203 | D        | Killed a lindwurm
  2204 | D        | Reached skill level 5 in Short Blades
  2204 | D        | Reached skill level 11 in Spellcasting
  2515 | D        | Learned a level 4 spell: Petrify
  2770 | D        | Noticed a merfolk siren
  2770 | D        | Noticed a vampire mage
  2787 | D        | Received a gift from Sif Muna
  2788 | D        | Reached XP level 9. HP: 42/52 MP: 16/26
  2817 | D        | Killed a merfolk siren
  2818 | D        | Reached skill level 12 in Spellcasting
  3226 | D        | Killed a vampire mage
  3227 | D        | Reached skill level 13 in Spellcasting
  3483 | D        | Noticed a troll
  3488 | D        | Killed a troll
  3659 | D        | Received a gift from Sif Muna
  3674 | D        | Got Sif Muna's Omnibus of the Remoulded Shot {god gift}
  4397 | D        | Noticed a death yak
  4404 | D        | Killed a death yak
  4405 | D        | Reached XP level 10. HP: 22/56 MP: 14/29
  4723 | D        | Noticed a four-headed hydra
  4733 | D        | Reached skill level 14 in Spellcasting
  4737 | D        | Killed a four-headed hydra
  4738 | D        | Reached skill level 10 in Transmutations
  5091 | D        | Noticed a deep troll
  5120 | D        | Killed a deep troll
  5120 | D        | Received a gift from Sif Muna
  5121 | D        | Got Sif Muna's Annotations on Embers {god gift}
  5134 | D        | Learned a level 6 spell: Starburst
  5265 | D        | Reached skill level 1 in Fire Magic
  5277 | D        | Learned a level 8 spell: Lehudib's Crystal Spear
  5280 | D        | Reached skill level 15 in Spellcasting
  5879 | D        | Reached ****** piety under Sif Muna
  6302 | D        | Noticed a two-headed ogre
  6302 | D        | Noticed Prince Ribbit
  6302 | D        | Noticed a two-headed ogre
  6303 | D        | Noticed a bog body
  6304 | D        | Received a gift from Sif Muna
  6305 | D        | Noticed a molten gargoyle
  6306 | D        | Killed a two-headed ogre
  6307 | D        | Killed a two-headed ogre
  6307 | D        | Received a gift from Sif Muna
  6308 | D        | Reached skill level 5 in Fire Magic
  6308 | D        | Reached skill level 15 in Earth Magic
  6308 | D        | Reached skill level 5 in Invocations
  6308 | D        | Reached XP level 11. HP: 57/61 MP: 14/32
  6308 | D        | Killed Prince Ribbit
  6309 | D        | Reached skill level 16 in Spellcasting
  6311 | D        | Killed a bog body
  6341 | D        | HP: 1/61 [molten gargoyle/bolt of magma (23)]
  6352 | D        | Reached skill level 15 in Conjurations
  6674 | D        | Received a gift from Sif Muna
  6944 | D        | Learned a level 6 spell: Statue Form
  6950 | D        | Learned a level 5 spell: Iskenderun's Battlesphere
  6952 | D        | Learned a level 1 spell: Magic Dart
  6958 | D        | Learned a level 5 spell: Fireball
  7279 | D        | Noticed a deep troll
  7279 | D        | Noticed a boulder beetle
  7304 | D        | Killed a deep troll
  7692 | D        | Killed a boulder beetle
  7724 | D        | Noticed a death yak
  7730 | D        | Paralysed by a floating eye for 3 turns
  7732 | D        | Mangled by a demonic crawler

Illustrated notes

Levels and vault maps discovered:
D:        pitsprint [storerooms_1, entrance_room_1, metal_vault_3, armoury_1,
          mini_pit_1, grid_room_1, main_hall_1, silver_pit, the_coven_3,
          the_vestibule_1, steel_vault_5, golden_pit, hallway_of_sentries,
          crystal_vault_2, iron_vault_1, final_vault]

Skill      XL: |  1  2  3  4  5  6  7  8  9 10 11 |
---------------+----------------------------------+-----
Conjurations   | 4 7 8 9 10 11 13 14 15 | 15.4
Earth Magic    | 6 8 9 10 11 13 15 | 15.8
Spellcasting   | 5 7 8 9 10 11 13 15 16 | 16.8
Fighting       | 2 3 4 |  4.0
Short Blades   | 2 4 5 |  5.0
Dodging        | 4 5 |  5.0
Stealth        | 4 6 7 |  7.0
Transmutations | 3 5 6 9 10 | 10.0
Invocations    | 5 7 |  7.0
Fire Magic     | 5 6 |  6.9

Action                     |  1- 3 |  4- 6 |  7- 9 | 10-12 || total
---------------------------+-------+-------+-------+-------++-------
  Melee: Dagger            |       |       |     7 |    11 ||    18
   Cast: Sandblast         |    10 |     3 |     2 |       ||    15
         Stone Arrow       |     3 |    15 |    42 |    40 ||   100
         Petrify           |       |       |     7 |    12 ||    19
         Starburst         |       |       |       |     7 ||     7
         Magic Dart        |       |       |       |     5 ||     5
         Iskenderun's Batt |       |       |       |     2 ||     2
    Use: Potion            |     2 |     1 |     5 |     6 ||    14
         Scroll            |       |       |       |     1 ||     1
   Stab: Petrified         |       |       |     7 |    11 ||    18
 Armour: Robe              |       |       |     2 |     6 ||     8
  Dodge: Dodged            |     5 |     4 |    24 |    19 ||    52
